[Event "Early-Titled-Tuesday-Blitz-February-13-2024"]
[Site "Chess.com"]
[Date "2024.02.13"]
[Round "10"]
[White "OhanyanEminChess"]
[Black "twofoxniel"]
[Result "1-0"]
[WhiteElo "2816"]
[BlackElo "2631"]
[TimeControl "180+1"]
[EndTime "10:00:08 PST"]
[Termination "OhanyanEminChess won by resignation"]

1. e4 d5 2. exd5 Nf6 3. Nf3 Nxd5 4. d4 Bf5 5. a3 e6 6. c4 Nf6 7. Nc3 Be7 8. Be2 O-O 9. O-O Nc6 10. d5 exd5 11. cxd5 Nb8 12. Bf4 a6 13. Rc1 Bd6 14. Qd4 Nbd7 15. Bxd6 cxd6 16. Qf4 Bg4 17. Qxd6 Re8 18.
Qf4 Bh5 19. Rfd1 Rc8 20. Bf1 Qa5 21. h3 h6 22. g4 Bg6 23. Rd2 Ne4 24. Re2 Nxc3 25.
Rxe8+ Rxe8 26. Rxc3 Qxd5 27. Bg2 Nf6 28. Nh4 Be4 29. Re3 Bxg2 30. Rxe8+ Nxe8 31. Nxg2 Nd6 32. Ne3 Qd3 33. Qe5 g6 34. Nd5 Nc4 35. Nf6+ Kf8 36.
Nh7+ Kg8 37. Nf6+ Kf8 38. Qb8+ Ke7 39. Ng8+ Ke6 40. Qe8+ Kd5 41. Qxf7+ Kd4 42. Qf6+ Ne5 43. Ne7 Qb1+ 44. Kh2 Qxb2 45. Kg3 Qc3+ 46. Kg2 Ke4 47.
Nxg6 Qf3+ 48. Qxf3+ Nxf3 49. h4 b5 50. g5 hxg5 51.
h5 Nd4 52. h6 Kf5 53. h7 Kxg6 54. h8=Q Ne6 55. Qe8+ Kf6 56. Qa8 Nf4+ 57. Kf1 1-0

[Event "Early-Titled-Tuesday-Blitz-February-13-2024"]
[Site "Chess.com"]
[Date "2024.02.13"]
[Round "10"]
[White "NM_Antelacus"]
[Black "Matols"]
[Result "1/2-1/2"]
[WhiteElo "2252"]
[BlackElo "2381"]
[TimeControl "180+1"]
[EndTime "10:00:08 PST"]
[Termination "Game drawn by repetition"]

1. e4 c6 2. d4 d5 3. e5 c5 4. dxc5 e6 5. Be3 Nd7 6. Nf3 Nxc5 7. Bd3 Nxd3+ 8. cxd3 Ne7 9. O-O Nf5 10. Bf4 Be7 11. Nc3 O-O 12. Rc1 Bd7 13. Qe2 Rc8 14. h3 Qb6 15. g4 Nd4 16. Nxd4 Qxd4 17. Qe3 Qxe3 18. fxe3 f6 19. d4 Bb4 20. Rc2 Bxc3 21.
Rxc3 Rxc3 22. bxc3 Rc8 23. Rc1 Kf7 24. Kf2 Bb5 25. Ke1 Bd3 26. Kd2 Be4 27. exf6 gxf6 28. Bd6 Rc6 29. Bc5 b6 30. Bb4 Kg6 31. h4 h5 32. Rg1 hxg4 33. Rxg4+ Kf7 34. h5 Rc8 35.
Bd6 Rh8 36. Rh4 Bf3 37. h6 Kg6 38. Bf4 Rh7 39. Kc2 Kf5 40. Kb3 e5 41. dxe5 fxe5 42. Bh2 Kg5 43. Bg3 Rxh6 44. Rxh6 Kxh6 45. Bxe5 Kg6 46.
Kb4 Kf5 47. Bb8 a6 48. Ba7 b5 49. Bd4 Ke4 50. Ka5 Be2 51. Kb6 Bc4 52. a3 Bd3 53. Kc5 Be2 54. Kb4 Bd3 55. Kc5 a5 56. Kb6 a4 57. Kc5 Be2 58. Kb4 Bd3 59. Kc5 Bc4 60. Kb4 Kd3 61. Bc5 Kc2 62. Bd4 Kb2 63. Bc5 Ka2 64. Bd4 Bd3 65. Bc5 Bc4 66. Bd4 Bd3 67. Bc5 Bc4 1/2-1/2

[Event "Early-Titled-Tuesday-Blitz-February-13-2024"]
[Site "Chess.com"]
[Date "2024.02.13"]
[Round "10"]
[White "ChristopherYoo"]
[Black "MatthewG-p4p"]
[Result "0-1"]
[WhiteElo "2958"]
[BlackElo "2840"]
[TimeControl "180+1"]
[EndTime "10:00:10 PST"]
[Termination "MatthewG-p4p won by resignation"]

1. e4 e6 2. Nf3 d5 3. Nc3 d4 4. Ne2 c5 5. Ng3 a6 6. c3 Nc6 7. a3 h5 8. h4 Nf6 9. cxd4 cxd4 10. e5 Ng4 11. b4 Ncxe5 12. Bb2 Qd5 13. Nxd4 Bd6 14.
Qb3 Nxf2 15. Ngf5 Qe4+ 16. Kxf2 exf5 17. Be2 Qf4+ 18. Ke1 O-O 19. Bxh5 Ng4 20. Qf3 Re8+ 21. Ne2 Qxf3 22. gxf3 Ne5 23. Bxe5 Bxe5 24. Rb1 g6 25. f4 Bxf4 26. Bf3 Bd7 27. Bxb7 Rad8 28. Kf2 Bxd2 29.
h5 Bb5 30. Ng3 Be3+ 31. Kf3 Rd3 32. hxg6 fxg6 33. Rbd1 Bd2+ 34. Kg2 f4 35. Ne4 Red8 36.
Nf6+ Kg7 37. Ne4 f3+ 38. Kg3 Bf4+ 39. Kxf4 Rxd1 40. Rh3 f2 41. Nxf2 Rf8+ 42. Kg3 Rg1+ 43. Kh2 Ra1 44. Ng4 Ra2+ 45. Bg2 Bc6 46. Ne3 Bxg2 47.
Nxg2 Rff2 48. Rg3 Rfb2 49. Kh3 Kf6 50. Nh4 g5 51. Nf3 Rxa3 52. Kg4 Rxb4+ 53. Kh5 Rh4+ 54. Nxh4 Rxg3 55. Ng6 Rh3+ 56. Kg4 Kxg6 57. Kxh3 a5 58. Kg4 a4 59. Kf3 a3 60. Ke4 a2 61. Kd3 a1=Q 62.
Kc4 Qe5 0-1

[Event "Early-Titled-Tuesday-Blitz-February-13-2024"]
[Site "Chess.com"]
[Date "2024.02.13"]
[Round "10"]
[White "The_Straightforward_Rook"]
[Black "chess123456s"]
[Result "1-0"]
[WhiteElo "2440"]
[BlackElo "2590"]
[TimeControl "180+1"]
[EndTime "10:00:11 PST"]
[Termination "The_Straightforward_Rook won by checkmate"]

1. Nf3 d5 2. d4 Nf6 3. e3 c6 4. Bd3 Bg4 5. Nbd2 Nbd7 6. h3 Bh5 7. c3 e6 8. O-O Bg6 9. Bxg6 hxg6 10. Qe2 Qc7 11. e4 dxe4 12. Nxe4 O-O-O 13. a4 Nxe4 14. Qxe4 Nf6 15. Qe2 Nh5 16. Ne5 Bd6 17. b4 g5 18.
b5 f6 19. Nc4 Rde8 20. Nxd6+ Qxd6 21. bxc6 Qxc6 22. a5 Kb8 23. a6 b6 24. c4 Nf4 25.
Bxf4+ gxf4 26. f3 e5 27. dxe5 Rxe5 28. Qd2 g5 29. Rfd1 Rc8 30. Qd6+ Qxd6 31. Rxd6 Rxc4 32. Rxf6 Rc2 33. Rg6 Rce2 34. Kh2 Re1 35. Rxe1 Rxe1 36. Rxg5 Ra1 37. h4 Rd1 38. h5 Rd6 39. Rf5 Rh6 40. Kh3 Kc7 41. Kg4 Kd6 42. Kg5 Rh8 43. Kf6 Kc6 44. Kg7 Rd8 45. h6 Rd7+ 46. Kg6 b5 47.
Rxf4 Kc5 48. h7 Rd6+ 49. Kg7 Rd8 50. h8=Q Rxh8 51. Kxh8 b4 52. g4 b3 53. Rf7 Kb6 54. Rb7+ Kxa6 55. Rxb3 Ka5 56. g5 Ka4 57. Rb8 a5 58. g6 Ka3 59. g7 a4 60. Rb7 Ka2 61.
g8=Q+ Ka3 62. Qg1 Ka2 63. Qb1+ Ka3 64. Qb2# 1-0

[Event "Early-Titled-Tuesday-Blitz-February-13-2024"]
[Site "Chess.com"]
[Date "2024.02.13"]
[Round "10"]
[White "kleinebeer98"]
[Black "Anton_Demchenko"]
[Result "1-0"]
[WhiteElo "2879"]
[BlackElo "2942"]
[TimeControl "180+1"]
[EndTime "10:00:13 PST"]
[Termination "kleinebeer98 won by resignation"]

1. e4 e5 2. Nf3 Nc6 3. Bc4 Nf6 4. d4 exd4 5. e5 d5 6. Bb5 Nd7 7. O-O Be7 8. c3 dxc3 9. Nxc3 Nb6 10. a4 a6 11. Bxc6+ bxc6 12. a5 Nd7 13. Nd4 Nb8 14. f4 c5 15. Nc2 d4 16. f5 dxc3 17. Qf3 Bxf5 18. Ne3 Be6 19. Qxa8 cxb2 20. Bxb2 O-O 21. Rad1 Qc8 22. Nd5 Bg5 23. Bc1 Bd8 24. Ba3 Re8 25. Bxc5 Bd7 26. Nb4 Bb5 27. Rfe1 Bg5 28. Qf3 Qe6 29.
Be3 Bxe3+ 30. Qxe3 Nc6 31. Nxc6 Qxc6 32. e6 fxe6 33.
Qe5 h6 34. Re3 Rf8 35. Rg3 Rf7 36. h3 Qc4 37. Rd8+ Kh7 38. Rd1 Qf4 39. Rxg7+ Rxg7 40. Qxf4 Bc6 41. Rd2 Bd5 42. Qd4 Rf7 43. Qe3 Kg7 44.
Qe5+ Kh7 45. Rxd5 exd5 46. Qxd5 Rf6 47. Qd7+ Kg6 48. Qxc7 h5 49. g4 hxg4 50. hxg4 Kg5 51. Qg7+ Rg6 52. Qd4 Kh4 53. Kh2 Rxg4 54. Qf6+ Kh5 55.
Qxa6 Kg5 56. Qb6 Rh4+ 57. Kg3 Rg4+ 58. Kf3 Rf4+ 59. Ke3 Rf5 60. a6 1-0

[Event "Early-Titled-Tuesday-Blitz-February-13-2024"]
[Site "Chess.com"]
[Date "2024.02.13"]
[Round "10"]
[White "CaspiIsrael"]
[Black "Durarbayli"]
[Result "1-0"]
[WhiteElo "2801"]
[BlackElo "2909"]
[TimeControl "180+1"]
[EndTime "10:00:13 PST"]
[Termination "CaspiIsrael won by resignation"]

1. d4 Nf6 2. c4 e6 3. Nc3 Bb4 4. a3 Bxc3+ 5. bxc3 c5 6. f3 Nc6 7. e4 d6 8. d5 Na5 9. Bd3 b6 10.
Bg5 h6 11. Bh4 Ba6 12. Qe2 e5 13. g4 Qe7 14. Nh3 O-O-O 15. Nf2 g5 16. Bg3 h5 17. h3 hxg4 18. fxg4 Nd7 19. a4 Nf8 20. Nd1 Ng6 21. Ne3 Nf4 22. Qf1 Rh7 23. Ra2 Rdh8 24. Rah2 Kb8 25.
Bc2 Bc8 26. Kd2 Bd7 27. Nf5 Bxf5 28. gxf5 g4 29. hxg4 Rxh2+ 30. Rxh2 Rxh2+ 31. Bxh2 Qh4 32. Bxf4 exf4 33. Bd1 Qg3 34. Qd3 Qf2+ 35. Be2 Qg1 36. Qf3 Qh2 37. Kd3 f6 38. Qf1 Kc7 39. Qf3 Kd7 40.
Qf1 Ke7 41. Bf3 Nb3 42. Qg2 Qh4 43. Qh1 Qxh1 44. Bxh1 Kf7 45. g5 fxg5 46. e5 Na5 47. exd6 Nb7 48. d7 Ke7 49. d6+ Nxd6 50. Bc6 Nxf5 51. Ke4 Nd6+ 52. Kd5 f3 53. d8=Q+ Kxd8 54. Kxd6 g4 55. Ke5 Kc7 56. Be4 f2 57. Bg2 Kb8 58.
Kf4 a6 59. Kxg4 Kc7 60. Kf3 b5 61. axb5 axb5 62. cxb5 Kb6 63. c4 1-0

[Event "Early-Titled-Tuesday-Blitz-February-13-2024"]
[Site "Chess.com"]
[Date "2024.02.13"]
[Round "10"]
[White "xakevicius91"]
[Black "AlexTruskavetsky"]
[Result "0-1"]
[WhiteElo "2536"]
[BlackElo "2706"]
[TimeControl "180+1"]
[EndTime "10:00:13 PST"]
[Termination "AlexTruskavetsky won by resignation"]

1. e4 c5 2. Nf3 Nc6 3. Bc4 e6 4. O-O d5 5. Bb5 a6 6. Bxc6+ bxc6 7. Qe2 Nf6 8. d3 Be7 9. Nbd2 O-O 10. b3 a5 11. a4 Ba6 12. Bb2 Rb8 13. Bc3 Nd7 14. Rfe1 Bf6 15. e5 Be7 16. Rad1 c4 17. dxc4 Qc7 18.
h4 Bb4 19. Qe3 dxc4 20. bxc4 Bxc3 21. Qxc3 Rb4 22. h5 Rxa4 23. h6 g6 24. Qe3 Bxc4 25. Qg5 Qd8 26. Nxc4 Rxc4 27. Rxd7 Qxg5 28. Nxg5 Rh4 29.
Ra1 Rxh6 30. Rxa5 Rh5 31. Ne4 Rh4 32. f3 Rf4 33. Raa7 Rf5 34. Ra5 Rb8 35. Rc5 Rb5 36. Rxb5 cxb5 37. Nf6+ Kg7 38. Ne8+ Kg8 39. f4 Rxf4 40.
Rb7 b4 41. Nd6 g5 42. Rb5 Kg7 43. g3 Rd4 44. Kf2 Rd2+ 45. Kf3 Rxc2 46. Rxb4 Rc3+ 47. Kf2 Rc5 48. Re4 Kg6 49. Re2 Rd5 50. g4 f6 51.
Ne8 fxe5 52. Nc7 Rd4 53. Nxe6 Rf4+ 54. Kg2 Rxg4+ 55. Kf3 Ra4 56. Rxe5 h6 57. Re2 h5 58.
Kf2 Kf5 59. Ng7+ Kg4 60. Ne6 Kh4 61. Re5 g4 62. Ng7 Ra2+ 63. Kf1 Kh3 64. Rxh5+ Kg3 65.
Nf5+ Kf3 66. Ke1 Ra1+ 67. Kd2 Kf2 68. Rg5 Ra4 69. Ne3 Rd4+ 70. Kc3 Kxe3 71. Rg8 Rd6 72. Kc2 Kf3 73. Rf8+ Kg2 74. Kc3 g3 75. Rg8 Kh2 76. Rh8+ Kg1 77. Rg8 g2 78. Rxg2+ Kxg2 79. Kc4 0-1

[Event "Early-Titled-Tuesday-Blitz-February-13-2024"]
[Site "Chess.com"]
[Date "2024.02.13"]
[Round "10"]
[White "ploxoi"]
[Black "Cosi43"]
[Result "0-1"]
[WhiteElo "2451"]
[BlackElo "2619"]
[TimeControl "180+1"]
[EndTime "10:00:13 PST"]
[Termination "Cosi43 won by resignation"]

1. d4 d5 2. c4 Nc6 3. Nc3 Nf6 4.
Nf3 dxc4 5. e4 Bg4 6. d5 Ne5 7. Bf4 Bxf3 8. gxf3 Nd3+ 9. Bxd3 cxd3 10. Qxd3 c6 11. Rc1 e6 12. O-O Bb4 13. Rfd1 Bxc3 14. Rxc3 exd5 15. exd5 Nxd5 16. Re1+ Kf8 17. Rc4 h5 18. Be5 f6 19. Qa3+ Kf7 20. Bd6 Qd7 21.
Rce4 Rhe8 22. Bg3 Rxe4 23. fxe4 Nb6 24. Qf3 Qg4 25. Qb3+ Qe6 26. Qf3 g6 27. b3 Rd8 28.
a4 Qg4 29. Qe3 h4 30. f3 Qg5 31. Qxg5 fxg5 32. Bf2 Rd3 33. a5 Nc8 34. Kg2 Rxb3 35. Rd1 Ke8 36. h3 a6 37. Rc1 Rb5 38. Bd4 Rxa5 39.
Bc3 Rc5 40. Kf2 Nb6 41. Ke3 Na4 42. Bd2 Rxc1 43. Bxc1 Ke7 44. Kd4 Kf6 45. Be3 b5 46. Kd3 c5 47. Kc2 c4 48. Bd4+ Ke6 49.
Bg7 b4 50. Bh8 b3+ 51. Kd2 Kd6 52. Bf6 Kc5 53. Bxg5 c3+ 54. Kc1 Kc4 55. Bf6 Nc5 56. e5 Nd3+ 0-1

[Event "Early-Titled-Tuesday-Blitz-February-13-2024"]
[Site "Chess.com"]
[Date "2024.02.13"]
[Round "10"]
[White "tantaan"]
[Black "Leonid_Starozhilov"]
[Result "0-1"]
[WhiteElo "2506"]
[BlackElo "2719"]
[TimeControl "180+1"]
[EndTime "10:00:15 PST"]
[Termination "Leonid_Starozhilov won by resignation"]

1. e4 g6 2. d4 Bg7 3. Nc3 d6 4. Be3 a6 5. Qd2 b5 6. O-O-O Nd7 7. h4 h5 8. Nh3 Nb6 9. Bd3 Nf6 10. f3 Bxh3 11. Rxh3 Nfd7 12. g4 c5 13. dxc5 Nxc5 14. gxh5 Rxh5 15. Be2 Rc8 16. f4 b4 17. Nd5 Nxd5 18.
exd5 b3 19. Kb1 bxa2+ 20. Kxa2 Rb8 21. b3 Rxd5 22. Qe1 Rxd1 23. Bxd1 Ne4 24. Bg1 d5 25. Bf3 Nc3+ 26. Kb2 Qa5 27. Kc1 Qa1+ 28. Kd2 Qb2 29. Qc1 Nb1+ 30. Kd1 Nc3+ 31. Kd2 Ne4+ 32. Bxe4 dxe4 33. Qxb2 Bxb2 34. c4 f5 35. Bc5 Kf7 36.
Kc2 Bf6 37. h5 g5 38. fxg5 Bxg5 39. h6 Rh8 40. h7 Kg6 41. Rd3 Rxh7 42. Rd7 Rh2+ 43.
Kc3 a5 44. Bxe7 Bxe7 45. Rxe7 Kf6 46. Ra7 f4 47. Rxa5 f3 48. c5 f2 49. Ra1 e3 50.
Kd3 Rg2 51. Ke2 Ke5 52. c6 Kd6 53. Rc1 Kc7 54. b4 Rg1 55. Rf1 Rxf1 56. Kxf1 Kxc6 57.
Ke2 Kb5 0-1

[Event "Early-Titled-Tuesday-Blitz-February-13-2024"]
[Site "Chess.com"]
[Date "2024.02.13"]
[Round "10"]
[White "mbojan"]
[Black "Nikolakis2014"]
[Result "0-1"]
[WhiteElo "2857"]
[BlackElo "2727"]
[TimeControl "180+1"]
[EndTime "10:00:16 PST"]
[Termination "Nikolakis2014 won by checkmate"]

1. d4 Nf6 2. Nf3 e6 3. c4 c5 4. d5 d6 5. Nc3 exd5 6. cxd5 g6 7. e4 a6 8. a4 Bg7 9. Be2 Bg4 10. Nd2 Bxe2 11. Qxe2 O-O 12. O-O Re8 13. a5 Nbd7 14. Nc4 Ne5 15. Nb6 Rb8 16. h3 Nfd7 17. Nca4 Nxb6 18.
Nxb6 Nd7 19. Nc4 Ne5 20. Nb6 Nd7 21. Nc4 Qe7 22. Re1 Nf6 23. Qd3 Nxe4 24. Bf4 Bd4 25. Re2 Nxf2 26. Rxf2 Qe2 27. Qxe2 Rxe2 28. Rf1 Rbe8 29.
Bxd6 Rxf2 30. Rxf2 Re1+ 31. Kh2 Bxf2 32. Bc7 Rc1 33. b3 Rd1 34. d6 f6 35. Nb6 Bd4 36. d7 Be5+ 37. Bxe5 fxe5 38. Kg3 Kf7 39. Kf3 Ke7 40. Ke4 Ke6 41. Ke3 Rd4 42. Kf3 g5 43.
Ke3 h5 44. g4 hxg4 45. hxg4 Ke7 46. Kf3 Rd3+ 47. Ke4 Rxb3 48. Kxe5 Rxb6 49. axb6 Kxd7 50.
Kd5 a5 51. Kxc5 a4 52. Kb4 Kc6 53. Kxa4 Kxb6 54. Kb4 Kc6 55. Kc4 b5+ 56. Kd4 Kb6 57. Ke5 b4 58. Kf5 b3 59. Kxg5 b2 60. Kf6 b1=Q 61.
g5 Qf1+ 62. Kg7 Qf5 63. g6 Kc6 64. Kh8 Qf6+ 65. g7 Qh6+ 66. Kg8 Kd7 67. Kf7 Qe6+ 68. Kf8 Qe8# 0-1

[Event "Early-Titled-Tuesday-Blitz-February-13-2024"]
[Site "Chess.com"]
[Date "2024.02.13"]
[Round "10"]
[White "platy3"]
[Black "jk13"]
[Result "0-1"]
[WhiteElo "2930"]
[BlackElo "2716"]
[TimeControl "180+1"]
[EndTime "10:00:18 PST"]
[Termination "jk13 won by resignation"]

1. e4 e5 2. Nf3 Nc6 3. Bc4 Bc5 4. d3 Nf6 5. a4 O-O 6. O-O d5 7. exd5 Nxd5 8. h3 a5 9. Re1 Nb6 10. Bb5 f6 11. Nbd2 Nd4 12. Ne4 Be7 13. Nxd4 Qxd4 14.
Be3 Qd8 15. Qh5 c6 16. Bxb6 Qxb6 17. Bc4+ Kh8 18. Bb3 Qd4 19. Ng3 Qxb2 20. Rab1 Qc3 21.
Re4 f5 22. Re2 Bf6 23. Bc4 Qa3 24. Qf3 g6 25. Qe3 Qd6 26. Qb6 Qd8 27. Qb3 Rb8 28. Nf1 b6 29. Ne3 Qd6 30. Qa2 Bd7 31. Bb3 Qc5 32. Nc4 Rfe8 33. Rbe1 Re7 34. Nd2 Rbe8 35. Kh1 Kg7 36. Qb1 Bc8 37. Qa2 h5 38. Qb1 h4 39.
Qd1 Qb4 40. Nc4 e4 41. dxe4 Rxe4 42. Rxe4 Rxe4 43. Rxe4 fxe4 44. Nd6 Bd7 45. Nxe4 Qxe4 46. Qxd7+ Be7 47. Qd1 Qe5 48. f3 Bd6 49. Kg1 Bc5+ 50.
Kh1 Bd6 51. Kg1 Qh2+ 52. Kf2 Bc5+ 53. Ke2 Qxg2+ 54. Kd3 Qxh3 55. Qa1+ Kh6 56. Qh8+ Kg5 57.
Qd8+ Kf4 58. Qf6+ Kg3 59. Be6 Qf1+ 60. Kd2 Qf2+ 61. Kc3 Qxf3+ 62. Qxf3+ Kxf3 0-1

[Event "Early-Titled-Tuesday-Blitz-February-13-2024"]
[Site "Chess.com"]
[Date "2024.02.13"]
[Round "10"]
[White "Vaathi_Coming"]
[Black "BogdanDeac"]
[Result "1-0"]
[WhiteElo "2915"]
[BlackElo "2991"]
[TimeControl "180+1"]
[EndTime "10:00:23 PST"]
[Termination "Vaathi_Coming won by resignation"]

1. Nf3 d5 2. e3 c5 3. b3 f6 4.
d4 cxd4 5. exd4 Nc6 6. Bb2 Bg4 7. c4 e6 8. Be2 Bd6 9. O-O Nge7 10.
Nbd2 O-O 11. Re1 Qd7 12. Ne5 Nxe5 13. dxe5 Bxe2 14. Qxe2 fxe5 15. Bxe5 Bxe5 16. Qxe5 Rf6 17. cxd5 Ng6 18. Qd4 exd5 19. Ne4 Rf4 20. Rad1 Rd8 21. Qxa7 Nh4 22. Qc5 Rc8 23. Qd6 Qf5 24. Ng3 Qf7 25. Re7 Qf8 26. Rde1 Rxf2 27. Qe6+ Kh8 28. Qxc8 Qxc8 29.
Re8+ Rf8 30. Rxc8 Rxc8 31. Rd1 h6 32. Nf1 Rc2 33. Rd2 Rc1 34. Kf2 Ra1 35. Ne3 d4 36.
Rxd4 Rxa2+ 37. Kf1 Ra1+ 38. Kf2 Ra2+ 39. Kg3 Ng6 40.
Rd8+ Kh7 41. Rd7 Ne5 42. Re7 Nc6 43. Rxb7 Nd4 44. b4 Ra3 45. Kf4 Ne6+ 46. Ke4 Ng5+ 47. Kd4 Ne6+ 48. Ke4 Rb3 49. Nf5 Nc5+ 50. bxc5 Rxb7 51.
c6 Rb2 52. Nd4 Rb8 53. Kd5 Kg6 54. c7 Rc8 55. Kd6 Kg5 56. Kd7 Rxc7+ 57. Kxc7 Kf4 58. Ne6+ Ke3 59. Nxg7 Kf2 60. g4 Kg2 61. Nf5 Kxh2 62. Nxh6 1-0

[Event "Early-Titled-Tuesday-Blitz-February-13-2024"]
[Site "Chess.com"]
[Date "2024.02.13"]
[Round "10"]
[White "Zavgorodniy_Sergiy"]
[Black "Polish_fighter3000"]
[Result "0-1"]
[WhiteElo "2674"]
[BlackElo "3071"]
[TimeControl "180+1"]
[EndTime "10:00:25 PST"]
[Termination "Polish_fighter3000 won by checkmate"]

1. d4 Nf6 2. c4 e6 3. Nf3 Bb4+ 4. Nbd2 b6 5. g3 Bb7 6. Bg2 O-O 7. O-O d6 8. Nb3 d5 9. c5 bxc5 10. dxc5 Nbd7 11.
Qc2 c6 12. a3 Ba5 13. Nxa5 Qxa5 14. b4 Qc7 15. Bb2 e5 16. e3 a5 17. Rfb1 Ba6 18.
Bf1 h6 19. Bxa6 Rxa6 20. Bc3 Ne4 21. Nd2 Ng5 22. Kg2 Rfa8 23. h4 Ne6 24. Nb3 a4 25.
Nd2 Rf8 26. Qf5 g6 27. Qd3 Raa8 28. h5 e4 29. Qe2 g5 30. f4 f5 31. Rf1 Kh7 32.
Rf2 Rf7 33. Raf1 Rg8 34. Kh2 gxf4 35. gxf4 Qd8 36. Rg2 d4 37. Rxg8 Qh4+ 38. Kg1 Kxg8 39. Rf2 dxc3 40. Rg2+ Rg7 41. Qc4 Qf6 42. Nf1 Kh7 43.
Rxg7+ Nxg7 44. Ng3 Nf8 45. Kf2 Nfe6 46. b5 cxb5 47.
Qxb5 c2 48. Qc4 Qb2 49. Ne2 c1=Q 50. Qxc1 Qxc1 51. Nxc1 Nxc5 52. Ne2 Nxh5 53. Nc3 Kg6 54. Nd5 Nf6 55. Ne7+ Kf7 56. Nxf5 h5 57. Kg3 Ng4 58. Kh4 Kf6 59. Nd6 Nxe3 60. Kxh5 Nf5 61. Nc4 e3 62.
Ne5 e2 63. Nf3 Nd3 64. Kg4 Nd4 65. Nxd4 e1=Q 66. Nf3 Nf2+ 67. Kg3 Ne4+ 68. Kg4 Qg3+ 69.
Kh5 Qh3+ 70. Nh4 Ng3+ 71. Kh6 Qxh4# 0-1

[Event "Early-Titled-Tuesday-Blitz-February-13-2024"]
[Site "Chess.com"]
[Date "2024.02.13"]
[Round "10"]
[White "verrbaa"]
[Black "GaiozNigalidze"]
[Result "0-1"]
[WhiteElo "2476"]
[BlackElo "2677"]
[TimeControl "180+1"]
[EndTime "10:00:27 PST"]
[Termination "GaiozNigalidze won on time"]

1. Nf3 Nf6 2. g3 g6 3. Bg2 Bg7 4. O-O d6 5. d4 O-O 6. c4 c6 7.
Nc3 a6 8. Ne1 d5 9. cxd5 cxd5 10. Bg5 Nc6 11. e3 e6 12. Nd3 b6 13. Rc1 Bb7 14.
Na4 Rb8 15. Qb3 Ba8 16. Bf4 Na5 17. Qb4 Rb7 18. b3 Re8 19. Ne5 Bf8 20. Qd2 Ne4 21. Bxe4 dxe4 22. g4 Ba3 23. Rc2 f6 24. Nc6 Nxc6 25.
Rxc6 e5 26. Bg3 exd4 27. Qxd4 Qxd4 28. exd4 Rd7 29. Rxf6 b5 30. Nb6 Rxd4 31. Nxa8 Rxa8 32. Re1 Bb4 33. Re2 a5 34. Be5 Rd1+ 35. Kg2 Re8 36. Bb2 Rd5 37. Rb6 Bf8 38. Rb7 a4 39. bxa4 bxa4 40.
h4 h5 41. g5 Rf5 42. Bf6 Rf4 43. Kh3 Rf3+ 44. Kg2 Rf4 45. Kg3 Rg4+ 46. Kh3 Rf4 47. Kg3 Rf3+ 48. Kg2 Rf5 49. Kg3 Bd6+ 50. Kg2 Bf8 51. Re3 Rf4 52. Kg3 Rg4+ 53. Kh3 Rf4 54. Kg3 Rg4+ 55. Kh3 Rf4 56. Re2 Rc8 57. Rd7 Rc1 58.
Rd8 Rg4 59. Kh2 Rxh4+ 60. Kg2 Rg4+ 61. Kh2 Kf7 62. Rd7+ Ke6 63. Rd4 Bd6+ 0-1

[Event "Early-Titled-Tuesday-Blitz-February-13-2024"]
[Site "Chess.com"]
[Date "2024.02.13"]
[Round "10"]
[White "GMKrikor"]
[Black "ErikRonka"]
[Result "1/2-1/2"]
[WhiteElo "2837"]
[BlackElo "2554"]
[TimeControl "180+1"]
[EndTime "10:00:30 PST"]
[Termination "Game drawn by stalemate"]

1. Nf3 d5 2. c4 c6 3. d4 Nf6 4. Nc3 e6 5. cxd5 exd5 6. Bf4 Bd6 7. Bxd6 Qxd6 8. e3 Bf5 9. Nh4 Bg6 10. Qb3 Qe7 11.
Nxg6 hxg6 12. Bd3 a5 13. a3 Na6 14. g3 O-O 15. O-O Ne8 16. Rae1 Nd6 17. e4 dxe4 18. Nxe4 Nxe4 19. Rxe4 Qd7 20. Rfe1 b5 21. Re7 Qd6 22. Bb1 Nc7 23. Qf3 Ne6 24. R7xe6 fxe6 25. Qg4 Rf6 26. Bxg6 Qd5 27. Be4 Qc4 28. Bg6 Qd5 29. Re5 Qf3 30. Qxf3 Rxf3 31. Be4 Rb3 32. Bxc6 Rd8 33. d5 Kf7 34.
dxe6+ Ke7 35. Bxb5 Rxb2 36. Bd7 Ra2 37. a4 Ra3 38. Rf5 Rf8 39. Rxf8 Kxf8 40. Kg2 Ke7 41. h4 g6 42. f3 Kf6 43. g4 Rb3 44. Kg3 Ra3 45. Kf4 Rb3 46. g5+ Ke7 47. Kg4 Rb4+ 48. f4 Rc4 49. Kg3 Rb4 50. h5 gxh5 51. f5 Kd6 52. g6 Rg4+ 53. Kf3 Ke7 54. f6+ Kxf6 55. e7 Kxe7 56. Bxg4 hxg4+ 57. Kxg4 Kf6 58. Kh5 Kg7 59. Kg5 Kg8 60. Kf5 Kg7 61. Kg5 Kg8 62. Kf6 Kf8 63. Ke6 Kg7 64. Kd6 Kxg6 65. Kc6 Kf7 66.
Kb6 Ke7 67. Kxa5 Kd7 68. Kb5 Kc8 69. Kb6 Kb8 70. a5 Ka8 71. a6 Kb8 72. a7+ Ka8 73.
Ka6 1/2-1/2

[Event "Early-Titled-Tuesday-Blitz-February-13-2024"]
[Site "Chess.com"]
[Date "2024.02.13"]
[Round "10"]
[White "Dewarfd"]
[Black "wild3000"]
[Result "1-0"]
[WhiteElo "2163"]
[BlackElo "2351"]
[TimeControl "180+1"]
[EndTime "10:00:31 PST"]
[Termination "Dewarfd won by checkmate"]

1. d4 a6 2. Nf3 h6 3. e3 c6 4. Bd3 e6 5. O-O d5 6. b3 b5 7. a3 Bd6 8. Bb2 Nf6 9. Nbd2 O-O 10. e4 Nh5 11. e5 Be7 12. c4 Nf4 13. Bc2 bxc4 14.
bxc4 a5 15. g3 Nh3+ 16. Kg2 Ng5 17. Nxg5 hxg5 18. c5 Ba6 19. Re1 Nd7 20. h3 g6 21.
Nf3 Kg7 22. Bd3 Rh8 23. Bxa6 Rxa6 24. Bc1 Ra8 25. Be3 a4 26. Qd2 Qa5 27. Rab1 Qxd2 28. Bxd2 Rhb8 29. Bxg5 Bxg5 30. Nxg5 Rb3 31. Rxb3 axb3 32.
Ra1 Ra4 33. Nf3 f6 34. exf6+ Kxf6 35. Kf1 Kf5 36. Ke2 Ke4 37. Nd2+ Kxd4 38. Nxb3+ Kc3 39. Nd2 Nxc5 40. Rc1+ Kd4 41. Nf3+ Ke4 42. Rxc5 Rxa3 43. Nd2+ Kd4 44. Rxc6 e5 45. Rxg6 Ra2 46. f3 e4 47. fxe4 dxe4 48. Rd6+ Ke5 49. Rd8 Ra3 50. Re8+ Kf5 51. g4+ Kg5 52. Nxe4+ Kf4 53. Nf2 Ra2+ 54. Kf1 Kf3 55. Rf8+ Kg3 56. g5 Ra1+ 57. Ke2 Ra2+ 58.
Ke3 Ra3+ 59. Nd3 Ra6 60. Ne5 Kh4 61. g6 Ra7 62. Kf4 Ra4+ 63. Kf5 Ra7 64. Rf7 Ra8 65. g7 Rg8 66. Ng6+ Kh5 67. Ne7 Ra8 68. g8=Q Ra5+ 69. Ke6 Ra6+ 70. Kd5 Ra5+ 71. Kd6 Ra6+ 72. Nc6 Ra8 73.
Rh7# 1-0

[Event "Early-Titled-Tuesday-Blitz-February-13-2024"]
[Site "Chess.com"]
[Date "2024.02.13"]
[Round "10"]
[White "McCarthyStone"]
[Black "martinmena"]
[Result "0-1"]
[WhiteElo "2351"]
[BlackElo "2136"]
[TimeControl "180+1"]
[EndTime "10:00:33 PST"]
[Termination "martinmena won by checkmate"]

1. e4 c6 2. d3 d5 3. Nf3 dxe4 4.
dxe4 Qxd1+ 5. Kxd1 Bg4 6. Be3 Nf6 7. Nd2 Nbd7 8. c3 Ne5 9. Kc2 Nxf3 10. gxf3 Bh5 11. h4 e6 12. Rg1 Bg6 13. Bh3 Be7 14. Nc4 Nd7 15. Rad1 Bxh4 16. Nd6+ Kd8 17. Nxb7+ Kc7 18. Nd6 Rhd8 19. Rd2 Ne5 20. Bf4 Nxf3 21. Nxf7+ e5 22. Nxd8 Nxg1 23. Bxe5+ Kb6 24. Bd4+ c5 25. Bxg7 Rxd8 26. Rxd8 Bxd8 27. Bg2 Ne2 28. Be5 Bc7 29. Bf6 Nf4 30. Bf3 h5 31. Kd2 h4 32. Bxh4 Ne6 33. b3 Bf4+ 34. Ke2 Ng5 35. Bg2 Nf7 36. f3 Ne5 37.
Bf2 Kc6 38. Bh3 c4 39. Be6 a6 40. Bd5+ Kb5 41. a4+ Ka5 42. bxc4 Kxa4 43. c5 Kb5 44.
Bd4 Nc6 45. c4+ Kb4 46. Bxc6 Kxc4 47. Bd5+ Kxd4 48. c6 Bd6 49. Kd2 a5 50. Kc2 a4 51.
Kb2 Kc5 52. Ka3 Kb5+ 53. Ka2 Be5 54. Ka3 Be8 55. Ka2 Bxc6 56. Bxc6+ Kxc6 57. Ka3 Kb5 58. Ka2 Bd6 59. Kb2 Be5+ 60. Ka3 Ka5 61. Ka2 Kb4 62. Kb1 Kb3 63. Kc1 a3 64. Kd2 a2 65. f4 Bxf4+ 66.
Kd3 a1=Q 67. e5 Qc3+ 68. Ke4 Qe3+ 69. Kd5 Qxe5+ 70. Kc6 Qe6+ 71. Kb5 Qd5+ 72. Kb6 Kb4 73. Ka7 Qd7+ 74. Kb6 Be3+ 75. Ka6 Qb5# 0-1